 Dungeon Crawl Stone Soup version 0.28-a0-1555-g9ae15a6949 (webtiles) character file.

Game seed: 15431414354888551588

67 HallandMoats the Skirmisher (level 4, 0/40 HPs)
             Began as a Ghoul Monk on Jan 18, 2022.
             Was a Believer of Dithmenos.
             Slain by Natasha (4 damage)
             ... on level 2 of the Dungeon.
             The game lasted 00:01:43 (1723 turns).

HallandMoats the Skirmisher (Ghoul Monk)            Turns: 1723, Time: 00:01:44

Health: 0/40       AC:  6    Str: 16    XL:     4   Next: 16%
Magic:  3/3        EV: 10    Int:  5    God:    Dithmenos [**....]
Gold:   120        SH:  0    Dex: 11    Spells: 3/3 levels left

rFire   . . .      SeeInvis .   a - +0 hand axe
rCold   + . .      Faith    .   (no shield)
rNeg    + + +      Spirit   .   b - +0 scale mail
rPois   ∞          Reflect  .   (no helmet)
rElec   .          Harm     .   (no cloak)
rCorr   .          Rampage  .   (no gloves)
Will    .....                   (no boots)
Stlth   ..........              (no amulet)
HPRegen 0.00/turn               (no ring)
MPRegen 0.08/turn               (no ring)

@: inhibited regen, wreathed by umbra
A: claws 1, cold resistance 1, negative energy resistance 3, inhibited
regeneration, torment resistance 2
a: Renounce Religion, Shadow Step


You were on level 2 of the Dungeon.
You worshipped Dithmenos.
Dithmenos was pleased with you.
You visited 1 branch of the dungeon, and saw 4 of its levels.

You collected 120 gold pieces.

Inventory:

Hand Weapons
 a - a +0 hand axe (weapon)
Armour
 b - a +0 scale mail (worn)
Jewellery
 e - a ring of willpower
 f - an amulet of faith
 g - a ring of protection from fire
Scrolls
 c - 2 scrolls of teleportation {unknown}
 h - a scroll of fear {unknown}
 i - a scroll of enchant armour {unknown}
Potions
 d - 2 potions of curing {unknown}


   Skills:
 * Level 4.0 Fighting
 * Level 3.3 Axes
 + Level 1.0 Armour
 + Level 3.1 Dodging
 - Level 2.1 Stealth


You had 3 spell levels left.
You didn't know any spells.
Your spell library contained the following spells:

 Spells                   Type           Power      Damage    Failure   Level
 Static Discharge         Conj/Air       0%         N/A       96%         2
 Gell's Gravitas          Tloc           0%         N/A       99%         3
 Lesser Beckoning         Tloc           0%         N/A       99%         3
 Teleport Other           Tloc           0%         N/A       99%         3
 Lightning Bolt           Conj/Air       0%         1d11      100%        5
 Maxwell's Capacitive Co  Air            0%         ∞         100%        8


Dungeon Overview and Level Annotations

Branches:
Dungeon (4/15)
 Temple: D:4-7

Altars:
Dithmenos
Hepliaklqana

Annotations:
D:2 Natasha


Innate Abilities, Weirdness & Mutations

You thrive by killing the living.
You are immune to poison.
You have sharp fingernails.
Your flesh is cold resistant. (rC+)
You are immune to negative energy. (rN+++)
You do not regenerate when monsters are visible.
You are immune to unholy pain and torment.


Message History

You are too injured to fight recklessly!
You are too injured to fight recklessly!
You are too injured to fight recklessly!
You are too injured to fight recklessly!
You are too injured to fight recklessly!
You are too injured to fight recklessly!
You are too injured to fight recklessly!
You are too injured to fight recklessly!
You are too injured to fight recklessly!
You are too injured to fight recklessly!
You are too injured to fight recklessly!
You are too injured to fight recklessly!
You are too injured to fight recklessly!
You are too injured to fight recklessly!
You are too injured to fight recklessly!
You are too injured to fight recklessly!
You are too injured to fight recklessly!
You are too injured to fight recklessly!
You are too injured to fight recklessly!
You are too injured to fight recklessly!
You are too injured to fight recklessly!
You are too injured to fight recklessly!
You are too injured to fight recklessly!
Unknown command.
You hit Natasha.
Natasha is almost dead.
Natasha stares at you and mumbles some strange words.
The magic dart hits you.
You hit Natasha but do no damage.
Natasha is almost dead.
Natasha casts a spell at you. The magic dart hits you!
* * * LOW HITPOINT WARNING * * *
You closely miss Natasha.
Natasha is almost dead.
Natasha closely misses you.
You barely miss Natasha.
Natasha is almost dead.
Natasha claws you.
You die...

.##.#.#### #######.##
#...... .##.# #
.........# #......
..#.# .........#
#...... ....#
.........## #......
....#
..######..######......
.##.# . ##........##.##
.##.# . #........##.#
.##.#
....#######........##.#
.##.#
.....Bh@...........##.#
.##.#
.?..#########.#######.#
....# # #.## #.#
.##.#.# #..# #.#
<.....# #..# #.#
####### #..## #.#
......# #...# #.#
#####.# #.#.# #.# #.#
#.#.## #.#


You could see Natasha and a giant cockroach.

Vanquished Creatures
  Natasha (D:2)
  2 adders (D:2)
  A dart slug (D:1)
  3 endoplasms
  2 goblins
  2 hobgoblins
  3 jackals (D:1)
  A kobold (D:2)
  4 ball pythons
  A bat (D:1)
  3 rats
23 creatures vanquished.

Notes
Turn   | Place    | Note
-------+----------+-------------------------------------------
     0 | D:1      | HallandMoats the Ghoul Monk began the quest for the Orb.
     0 | D:1      | Reached XP level 1. HP: 19/19 MP: 0/0
   210 | D:1      | Reached XP level 2. HP: 22/26 MP: 1/1
  1107 | D:2      | You fall into a shaft and drop 2 floors!
  1121 | D:3      | Found a hazy altar of Hepliaklqana.
  1139 | D:2      | Reached XP level 3. HP: 32/33 MP: 2/2
  1142 | D:2      | Found a faded altar of an unknown god.
  1158 | D:2      | Prayed at the altar of an unknown god.
  1158 | D:2      | Became a worshipper of Dithmenos the Shadowed
  1158 | D:2      | Reached * piety under Dithmenos
  1158 | D:2      | Reached ** piety under Dithmenos
  1184 | D:2      | Noticed Natasha
  1203 | D:2      | Killed Natasha
  1204 | D:2      | Reached skill level 4 in Fighting
  1204 | D:2      | Reached skill level 1 in Armour
  1531 | D:2      | Reached XP level 4. HP: 39/40 MP: 3/3
  1708 | D:2      | Noticed Natasha
  1723 | D:2      | Slain by Natasha

Illustrated notes

Levels and vault maps discovered:
D:1:      wander_arrival_lonely_grave, layout_basic, chequers_jeans,
          chequers_serial_rivers_micro_e
D:2:      layout_basic, dreamdust_ecumenical_altar_statues, uniq_natasha
D:3:      layout_rooms, lemuel_crystal_altar, kennysheep_slug_shrine
D:4:      layout_basic, gammafunk_ghost_gnarly_gnolls, grunt_ministairs_2,
          minmay_misc_feat_chi, uniq_pikel, uniq_menkaure

Skill      XL: |  1  2  3 |
---------------+----------+-----
Axes           | 3 |  3.3
Fighting       | 4 |  4.0
Armour         | 1 |  1.0
Dodging        | 3 |  3.1
Stealth        | |  2.1

Action                   |  1- 3 |  4- 6 || total
-------------------------+-------+-------++-------
Melee: Hand axe          |    86 |    17 ||   103
 Stab: Sleeping          |     2 |       ||     2
Armor: Robe              |    17 |       ||    17
       Scale mail        |    34 |     4 ||    38
       Ring mail         |     3 |       ||     3
Dodge: Dodged            |    86 |    10 ||    96

Table legend: (Time is in decaauts)
 A = Elapsed time spent in this place.
 B = Non-inter-level travel time spent in this place.
 C = Inter-level travel time spent in this place.
 D = Time resting spent in this place.
 E = Time spent auto-exploring this place.
 F = Levels seen in this place.
 G = Mean time per level.
                   A        B        C        D        E       F      G
               +--------+--------+--------+--------+--------+-----+--------+
         Total |   1743 |   1725 |     18 |      0 |   1411 |   4 |  435.8 |
       Dungeon |   1743 |   1725 |     18 |      0 |   1411 |   4 |  435.8 |
               +--------+--------+--------+--------+--------+-----+--------+

Top non-repeatable levels by time:
     D:1: 1109 daAuts
     D:2: 609 daAuts
     D:3: 16 daAuts
     D:4: 7 daAuts
